[Event "*** Titled Tuesday Blitz"]
[Site "Chess.com"]
[Date "2020.04.14"]
[Round "3"]
[White "OK97"]
[Black "InitiatingASC"]
[Result "1-0"]
[WhiteElo "2733"]
[BlackElo "2439"]
[TimeControl "180+1"]
[EndTime "10:28:19 PDT"]
[Termination "OK97 won on time"]

1. Nf3 Nf6 2. c4 e6 3. g3 b6 4. Bg2 Bb7 5. O-O Be7 6. Nc3 O-O 7. d4 d6 8. Qc2 Nbd7 9. e4 c5 10. d5 e5 11. Ne1 g6 12. Bh6 Re8 13. Nd3 Nh5 14.
Qd2 Bf8 15. Bg5 f6 16. Be3 Re7 17. f4 Rf7 18. Bh3 Ng7 19. Be6 Qe7 20. Bxf7+ Qxf7 21. Rf2 Qe8 22. Raf1 Be7 23. fxe5 fxe5 24. Bh6 a6 25. a4 Rb8 26. Qe2 Bc8 27. Qe3 Nf8 28. Kg2 Bg4 29. h3 Bd7 30. Bg5 Nh5 31. g4 Ng7 32. Bxe7 Qxe7 33.
Ra1 a5 34. b3 Ne8 35. Raf1 Qg7 36.
Rxf8+ Qxf8 37. Rxf8+ Kxf8 38. Qh6+ Kg8 39. Ne1 Nf6 40.
Nf3 Rf8 41. Qe3 Kg7 42. Nb5 Bxb5 43. cxb5 Nd7 44. Nd2 Rf4 45. Nc4 1-0

[Event "*** Titled Tuesday Blitz"]
[Site "Chess.com"]
[Date "2020.04.14"]
[Round "3"]
[White "TheoSlade"]
[Black "Spriteball"]
[Result "1-0"]
[WhiteElo "2269"]
[BlackElo "1899"]
[TimeControl "180+1"]
[EndTime "10:28:19 PDT"]
[Termination "TheoSlade won on time"]

1. d4 Nf6 2. c4 e6 3. g3 d5 4. Bg2 Be7 5. Nf3 O-O 6. O-O dxc4 7. Qc2 a6 8. a4 Bd7 9. Qxc4 Bc6 10. Bf4 Bd6 11. Nc3 a5 12. Rac1 Na6 13. Rfd1 Nb4 14. Ne5 Bxg2 15. Kxg2 Nbd5 16. Bd2 c6 17. e4 Nxc3 18. bxc3 Nxe4 19. Bf4 Nf6 20. Rb1 Qc7 21. Qb3 Rab8 22. c4 c5 23. Qb6 Qxb6 24. Rxb6 Bc7 25. Rb5 cxd4 26. Rxd4 b6 27. Nd7 Bxf4 28. Nxf6+ gxf6 29. Rxf4 f5 30. g4 fxg4 31. Rxg4+ Kh8 32. c5 bxc5 33. Rxc5 Rg8 34. Rxg8+ Rxg8+ 35. Kf3 Ra8 36. Ke4 Kg7 37. Ke5 Kg6 38. Kd6 Rd8+ 39. Kc6 Rc8+ 40. Kb6 Rxc5 41. Kxc5 e5 42. Kb5 e4 43.
Kxa5 f5 44. Kb4 f4 45. Kc3 Kf5 46. a5 1-0

[Event "*** Titled Tuesday Blitz"]
[Site "Chess.com"]
[Date "2020.04.14"]
[Round "3"]
[White "jefferyx"]
[Black "nfds"]
[Result "1-0"]
[WhiteElo "2877"]
[BlackElo "2579"]
[TimeControl "180+1"]
[EndTime "10:28:20 PDT"]
[Termination "jefferyx won by resignation"]

1. c4 Nf6 2. Nf3 e6 3. d4 Bb4+ 4. Bd2 Qe7 5. g3 O-O 6. Bg2 Bxd2+ 7. Qxd2 Nc6 8. e3 e5 9. Nc3 exd4 10. Nxd4 Ne5 11.
b3 d6 12. O-O Rb8 13. Rae1 Bd7 14. f4 Nc6 15. e4 Nxd4 16. Qxd4 Bc6 17. Qxa7 Rfe8 18.
Qd4 Nd7 19. b4 b6 20. Nd5 Bxd5 21. cxd5 b5 22. Qc3 Nb6 23. e5 Nc4 24. e6 Ra8 25.
Bh3 Kh8 26. exf7 Qxf7 27. Rxe8+ Qxe8 28. Re1 Qf7 29. Be6 Qh5 30. a4 Rxa4 31. Bd7 Ra8 32.
Bxb5 Nb6 33. Qxc7 Nxd5 34. Qb7 Rf8 35. Bc4 Nxf4 36. gxf4 Qg4+ 37. Qg2 Qxf4 38. Rf1 Qd4+ 39. Kh1 Rc8 40. Be6 Rd8 41. b5 Qb6 42. Qf2 Qxf2 43.
Rxf2 Rb8 44. Bd7 g6 45. Rd2 Kg7 46. Rxd6 Kf7 47. Bc6 Ke7 48. Rd7+ 1-0

[Event "*** Titled Tuesday Blitz"]
[Site "Chess.com"]
[Date "2020.04.14"]
[Round "3"]
[White "sergeikim"]
[Black "flomarechot"]
[Result "1-0"]
[WhiteElo "2380"]
[BlackElo "2180"]
[TimeControl "180+1"]
[EndTime "10:28:20 PDT"]
[Termination "sergeikim won on time"]

1. d4 d5 2. c4 e6 3. Nc3 Nf6 4. Nf3 b6 5. cxd5 Nxd5 6. Bg5 Be7 7. Bxe7 Qxe7 8. Nxd5 exd5 9. e3 O-O 10. Bd3 Bb7 11.
O-O Nd7 12. Rc1 Rac8 13. Bf5 Qd6 14. Ne5 Rcd8 15. Nxd7 Rxd7 16. Bxd7 Qxd7 17. Qc2 c6 18. Qa4 Ba8 19. Qb4 f5 20. Rfe1 Rf6 21. a4 Rg6 22. a5 b5 23. Qc5 h5 24. Qc2 h4 25. h3 Kh7 26. Qe2 Kg8 27. Qf3 a6 28. Qf4 Bb7 29. Qxh4 Bc8 30. Qf4 Qe6 31. f3 Bd7 32. Kh2 Qf6 33.
Rcd1 Rg5 34. e4 Qg6 35. Rd2 fxe4 36. fxe4 dxe4 37. Qxe4 Bf5 38. Qe8+ Kh7 39. Qxg6+ Bxg6 40. Re5 Rxe5 41. dxe5 Bf7 42. Rd6 Bd5 43. e6 Kg8 44. Rd8+ 1-0

[Event "*** Titled Tuesday Blitz"]
[Site "Chess.com"]
[Date "2020.04.14"]
[Round "3"]
[White "GadimbayliA"]
[Black "Taron_Shagbazyan"]
[Result "1-0"]
[WhiteElo "2894"]
[BlackElo "2656"]
[TimeControl "180+1"]
[EndTime "10:28:21 PDT"]
[Termination "GadimbayliA won by resignation"]

1. e4 e5 2. Nf3 Nc6 3. Bb5 Nf6 4. O-O a6 5. Ba4 b5 6. Bb3 Bb7 7. Re1 Be7 8. c3 O-O 9. d4 d6 10. Nbd2 Re8 11. Nf1 Bf8 12. Ng3 g6 13. Bg5 h6 14.
Bd2 Qe7 15. a4 Nd7 16. Bc2 Bg7 17. Bd3 exd4 18. axb5 axb5 19. Rxa8 Bxa8 20. cxd4 Nxd4 21. Nxd4 Bxd4 22. Bxh6 Qf6 23. Rf1 Ne5 24. Bxb5 Rb8 25. Be2 Rxb2 26. Qc1 c5 27. Bg5 Qe6 28. Rd1 Bxe4 29.
Rxd4 Rb1 30. Rxe4 Rxc1+ 31. Bxc1 Qb3 32. Bf4 Qb1+ 33. Bf1 Nd3 34. Bxd6 Qc2 35. Bxd3 Qxd3 36. Re8+ Kg7 37. Bxc5 Qd5 38. Be3 f6 39. h3 Kf7 40.
Rb8 g5 41. Rb1 Kg6 42. Rc1 f5 43. Ne2 f4 44. Bxf4 Qa2 45. Nc3 Qb2 46. Be3 1-0

[Event "*** Titled Tuesday Blitz"]
[Site "Chess.com"]
[Date "2020.04.14"]
[Round "3"]
[White "adricalderon8"]
[Black "BogdanDeac"]
[Result "0-1"]
[WhiteElo "2441"]
[BlackElo "2727"]
[TimeControl "180+1"]
[EndTime "10:28:21 PDT"]
[Termination "BogdanDeac won by resignation"]

1. e4 c5 2. Nf3 Nc6 3. d4 cxd4 4. Nxd4 Nf6 5. Nc3 e5 6. Ndb5 d6 7. Bg5 a6 8. Na3 b5 9. Bxf6 gxf6 10. Nd5 f5 11.
Bd3 Be6 12. c3 Bg7 13. Nxb5 axb5 14. Bxb5 Rc8 15. Qa4 Bd7 16. exf5 O-O 17. O-O e4 18. Qxe4 Re8 19. Qg4 Ne5 20. Qa4 Ra8 21. Qb3 Rb8 22. a4 Bxf5 23. Qd1 Bd7 24. Bxd7 Nxd7 25. b4 Nb6 26. Nxb6 Qxb6 27. Qd3 Qc6 28. Ra3 Rec8 29. h3 d5 30. Qg3 Qg6 31. Qxg6 hxg6 32. Rd1 Bxc3 33. Rxd5 Bxb4 34. Rad3 Ra8 35. g3 Rxa4 36.
Rd8+ Rxd8 37. Rxd8+ Bf8 38. Rd4 Rxd4 0-1

[Event "*** Titled Tuesday Blitz"]
[Site "Chess.com"]
[Date "2020.04.14"]
[Round "3"]
[White "eightbyeightchess"]
[Black "talman67"]
[Result "1-0"]
[WhiteElo "2360"]
[BlackElo "2547"]
[TimeControl "180+1"]
[EndTime "10:28:22 PDT"]
[Termination "eightbyeightchess won on time"]

1. e4 e5 2. Nf3 Nc6 3. Bb5 a6 4. Ba4 Nf6 5. d4 exd4 6. O-O Be7 7. Re1 b5 8. Bb3 d6 9. Bd5 Nxd5 10. exd5 Ne5 11. Nxd4 O-O 12. a4 Bd7 13. Nc3 b4 14.
Ne4 Re8 15. b3 Bf8 16. Bb2 Qb8 17. Qh5 Qb7 18. f4 Qxd5 19. fxe5 Rxe5 20. Qh4 Rae8 21.
Nd2 c5 22. N4f3 Re2 23. Rad1 Bc6 24. Rxe2 Rxe2 25. Kf1 Re6 26. Re1 Rxe1+ 27. Qxe1 Qf5 28. Qd1 g5 29. Kg1 g4 30. Nh4 Qg5 31. Qe1 h5 32. Qf2 Qd5 33. Nf5 Qe4 34. Nxe4 Bxe4 35. Nxd6 Bxd6 36. Qf6 1-0

[Event "*** Titled Tuesday Blitz"]
[Site "Chess.com"]
[Date "2020.04.14"]
[Round "3"]
[White "AquivaRubinstein"]
[Black "Funkmaus"]
[Result "1-0"]
[WhiteElo "2390"]
[BlackElo "2182"]
[TimeControl "180+1"]
[EndTime "10:28:22 PDT"]
[Termination "AquivaRubinstein won on time"]

1. d4 c6 2. c4 d5 3. Nc3 Nf6 4. Nf3 dxc4 5. a4 Bf5 6. Ne5 Nbd7 7. Nxc4 Nb6 8. Ne5 a5 9. f3 Nfd7 10. e4 Nxe5 11. exf5 Nec4 12. b3 Nd6 13. Bd3 e6 14.
fxe6 Qh4+ 15. g3 Qxd4 16. exf7+ Nxf7 17. Qe2+ Be7 18. Bb2 Rd8 19. O-O-O Kf8 20. Rhe1 Bb4 21. Kc2 Nd5 22. Nxd5 Qxd5 23. Rf1 Qc5+ 24. Kb1 Kg8 25. Bc4 Qf5+ 26. Ka2 Rf8 27. Qe6 Qxe6 28. Bxe6 h6 29.
Rd7 g5 30. Rfd1 Rh7 31. Rxb7 Bc5 32. Rdd7 Bd6 33. Rxd6 1-0

[Event "*** Titled Tuesday Blitz"]
[Site "Chess.com"]
[Date "2020.04.14"]
[Round "3"]
[White "1977Ivan"]
[Black "MasterKroket"]
[Result "1-0"]
[WhiteElo "2704"]
[BlackElo "2432"]
[TimeControl "180+1"]
[EndTime "10:28:23 PDT"]
[Termination "1977Ivan won by checkmate"]

1. c4 e6 2. Nc3 Nf6 3. e4 d5 4. e5 d4 5. exf6 dxc3 6. bxc3 Qxf6 7. d4 e5 8. Nf3 exd4 9. Bg5 Qe6+ 10. Be2 h6 11. Nxd4 Qd7 12. Bh4 Be7 13. Bg3 O-O 14.
O-O Bd6 15. Rb1 Bxg3 16. hxg3 Na6 17. Bf3 c6 18. Qc1 Qe7 19. Re1 Qg5 20. Qa3 Qc5 21.
Qxc5 Nxc5 22. Re7 Be6 23. Nb3 Na4 24. Na5 Nxc3 25. Rbxb7 Rad8 26. Nxc6 Rd2 27. Rxa7 Bxc4 28. a4 Ra2 29. a5 Bb5 30. Ne5 Nb1 31. Nxf7 Rc8 32.
Ne5 Rc1+ 33. Kh2 Nd2 34. Bd5+ Kf8 35. Rf7+ Kg8 36. Rxg7+ Kf8 37. Rg8# 1-0

[Event "*** Titled Tuesday Blitz"]
[Site "Chess.com"]
[Date "2020.04.14"]
[Round "3"]
[White "GelmanAlexander"]
[Black "Arjun2002"]
[Result "1-0"]
[WhiteElo "2432"]
[BlackElo "2644"]
[TimeControl "180+1"]
[EndTime "10:28:23 PDT"]
[Termination "GelmanAlexander won by checkmate"]

1. c4 c6 2. Nf3 d5 3. b3 Nf6 4. Bb2 Bg4 5. e3 Nbd7 6. h3 Bh5 7. g4 Bg6 8. d3 e6 9. Rg1 a5 10. a3 b5 11. cxb5 cxb5 12. Nbd2 Qb6 13. Rc1 Bc5 14.
h4 h5 15. g5 Ng4 16. Bxg7 Nxf2 17. Kxf2 Bxe3+ 18. Kg2 Rg8 19. Bb2 Bxg1 20. Nxg1 Qd6 21. Ndf3 Qf4 22. Nh3 Qg4+ 23. Kh2 Bf5 24. Bg2 f6 25.
Qd2 fxg5 26. Nhxg5 Rxg5 27. Qxg5 Bxd3 28. Qh6 Ke7 29.
Rc7 Rg8 30. Rxd7+ Ke8 31. Qd2 Qg3+ 32. Kh1 Kxd7 33. Be5 Qg6 34. Ng5 Qf5 35. Qe3 Be4 36. Qa7+ Kc6 37. Qc7# 1-0

[Event "*** Titled Tuesday Blitz"]
[Site "Chess.com"]
[Date "2020.04.14"]
[Round "3"]
[White "bait_or_mate"]
[Black "SavelievAlexei"]
[Result "0-1"]
[WhiteElo "2576"]
[BlackElo "2387"]
[TimeControl "180+1"]
[EndTime "10:28:23 PDT"]
[Termination "SavelievAlexei won on time"]

1. d4 Nf6 2. c4 e6 3. Nf3 b6 4.
g3 Ba6 5. Qc2 c5 6. Bg2 Bb7 7.
dxc5 bxc5 8. O-O Be7 9. Nc3 O-O 10. Rd1 Nc6 11. Bf4 Rc8 12. Nb5 d5 13. Ne5 Qb6 14. Nc3 d4 15. Na4 Qa6 16. Nxc6 Bxc6 17. Bxc6 Qxc6 18.
b3 Nd7 19. Nb2 e5 20. Bd2 e4 21. f3 exf3 22. exf3 Ne5 23. Rf1 Nxf3+ 24. Rxf3 Qxf3 25. Rf1 Qh5 26. Nd3 Bd6 27. Bf4 Bxf4 28. Nxf4 Qe5 29.
Nd5 Rce8 30. Qf2 Qe2 31. Qf5 d3 32. Qg5 Kh8 33. Rf2 Qe1+ 34. Kg2 Re2 35. Qf5 d2 36. Nc3 Qxf2+ 37. Qxf2 Rxf2+ 38. Kxf2 Re8 0-1

[Event "*** Titled Tuesday Blitz"]
[Site "Chess.com"]
[Date "2020.04.14"]
[Round "3"]
[White "RaphCamora"]
[Black "W_Amadeus"]
[Result "1/2-1/2"]
[WhiteElo "2431"]
[BlackElo "2717"]
[TimeControl "180+1"]
[EndTime "10:28:24 PDT"]
[Termination "Game drawn by agreement"]

1. e4 e5 2. Nf3 Nc6 3. Bc4 Bc5 4. d3 Nf6 5. O-O O-O 6. Bg5 h6 7. Bh4 Be7 8. Bg3 d6 9. a4 Be6 10. Nc3 Nxe4 11. Nxe4 d5 12. Bb5 dxe4 13. dxe4 Qxd1 14. Rfxd1 f6 15. Bxc6 bxc6 16. Nh4 Rfd8 17. Nf5 Bc5 18.
b3 g6 19. Ne3 Bxe3 20. fxe3 c5 21. Be1 Bg4 22. Rd5 Rxd5 23. exd5 Bf5 24. Rc1 Rd8 25. c4 Rb8 26. Rc3 Bb1 27. Kf2 Kf7 28.
a5 a6 29. Ke2 Ke7 30. Kd2 Kd6 31. Kc1 Be4 32. g3 c6 33. dxc6 Kxc6 34. Kb2 Rd8 35. Rc1 Bf3 36. Kc3 g5 37. Rc2 g4 38.
Rd2 Rxd2 39. Bxd2 1/2-1/2

[Event "*** Titled Tuesday Blitz"]
[Site "Chess.com"]
[Date "2020.04.14"]
[Round "3"]
[White "dusanacns"]
[Black "RitvarsReimanis"]
[Result "1/2-1/2"]
[WhiteElo "2782"]
[BlackElo "2588"]
[TimeControl "180+1"]
[EndTime "10:28:25 PDT"]
[Termination "Game drawn by repetition"]

1. e4 c5 2. Nf3 Nc6 3. Bb5 g6 4. Bxc6 dxc6 5. d3 Bg7 6. Nbd2 Nf6 7. a4 a5 8. Nc4 Nd7 9. c3 O-O 10. h4 h6 11. Be3 b5 12. Ncd2 Ba6 13. Qc2 b4 14. cxb4 cxb4 15. Nc4 b3 16. Qe2 Bxc4 17.
dxc4 Nf6 18. Bd4 Nh5 19. Be3 Qd6 20. g3 Qb4+ 21. Kf1 Nf6 22. Bd4 Nh5 23. Bxg7 Nxg7 24. Kg2 Ne6 25. Rhc1 Rfd8 26. Rc3 Rab8 27. Ra3 Nc5 28.
Qe3 Kg7 29. h5 g5 30. Nxg5 hxg5 31. Qxg5+ Kh7 32. Rf3 Rf8 33. h6 Ne6 34. Qf5+ Kh8 35.
Qe5+ Kh7 36. Qf5+ Kh8 37. Qe5+ Kh7 38. Qf5+ 1/2-1/2

[Event "*** Titled Tuesday Blitz"]
[Site "Chess.com"]
[Date "2020.04.14"]
[Round "3"]
[White "Egorov_Pavel"]
[Black "Keaton87"]
[Result "0-1"]
[WhiteElo "2411"]
[BlackElo "2671"]
[TimeControl "180+1"]
[EndTime "10:28:25 PDT"]
[Termination "Keaton87 won by resignation"]

1. d4 d5 2. c4 e6 3. Nc3 Nf6 4. Nf3 c5 5. cxd5 Nxd5 6. e4 Nxc3 7. bxc3 cxd4 8. cxd4 Bb4+ 9. Bd2 Bxd2+ 10. Qxd2 O-O 11. Bd3 b6 12. O-O Bb7 13. Qe3 Nc6 14. Rac1 Rc8 15.
Rfd1 Nb4 16. Bb1 Qe7 17. a3 Nc6 18. d5 exd5 19. exd5 Qxe3 20. fxe3 Na5 21. e4 Nb3 22. Rxc8 Rxc8 23. e5 Kf8 24. d6 Rd8 25. Ng5 h6 26. Nxf7 Kxf7 27. Ba2 Ke6 28. Bxb3+ Kxe5 29. d7 Bc6 30.
Re1+ Kd6 31. Rd1+ Kc7 32. Rc1 Rxd7 33. Ba4 Rd6 34. Kf2 a6 35. Bxc6 Rxc6 36. Re1 Rc2+ 37.
Kg3 Rc3+ 38. Kg4 Rxa3 39. Re7+ Kc6 40. Rxg7 b5 41. Rg6+ Kc5 42. Rxh6 b4 43. Rh8 Ra5 44. Rc8+ Kd4 45. h4 b3 46. Rc1 Rb5 47. h5 a5 48. h6 a4 49. Ra1 b2 50. Rxa4+ Kc5 51.
h7 Rb8 52. Ra5+ Kb4 53. Ra7 b1=Q 54. h8=Q Qe4+ 55. Kg5 Rxh8 0-1

[Event "*** Titled Tuesday Blitz"]
[Site "Chess.com"]
[Date "2020.04.14"]
[Round "3"]
[White "Dare-Dare"]
[Black "djogrodek1"]
[Result "0-1"]
[WhiteElo "2186"]
[BlackElo "2520"]
[TimeControl "180+1"]
[EndTime "10:28:25 PDT"]
[Termination "djogrodek1 won by checkmate"]

1. Nf3 d5 2. c4 c6 3. e3 Nf6 4.
Nc3 e6 5. b3 Bd6 6. Bb2 O-O 7.
Qc2 e5 8. cxd5 cxd5 9. Nb5 Nc6 10. Nxd6 Qxd6 11. Bb5 e4 12. Nd4 Bd7 13. Bxc6 Bxc6 14. Nxc6 Rac8 15. Bc3 Rxc6 16. Qb2 Rfc8 17. h3 Qf8 18.
O-O Nd7 19. Bd4 Rc2 20. Qb1 Rxd2 21. Rc1 a6 22. Rc3 Rxc3 23. Bxc3 Rd3 24. Qb2 f6 25. Bd4 Nb8 26. Rc1 Nc6 27. Bc5 Qe8 28. Qc2 h6 29.
b4 Qe5 30. a4 Kh7 31. b5 axb5 32. axb5 Na5 33. Bd4 Qf5 34. Qc7 Nb3 35. Rf1 Nxd4 36. exd4 Rd2 37. Qxb7 Qg5 38. Qd7 e3 39.
fxe3 Qxg2# 0-1

[Event "*** Titled Tuesday Blitz"]
[Site "Chess.com"]
[Date "2020.04.14"]
[Round "3"]
[White "Caclox"]
[Black "sergiochess83"]
[Result "0-1"]
[WhiteElo "2483"]
[BlackElo "2816"]
[TimeControl "180+1"]
[EndTime "10:28:26 PDT"]
[Termination "sergiochess83 won by resignation"]

1. e4 c6 2. d4 d5 3. Nc3 dxe4 4. Nxe4 Bf5 5. Ng3 Bg6 6. h4 h6 7. Bc4 e6 8. N1e2 Nf6 9. Nf4 Bh7 10. c3 Bd6 11. Qf3 O-O 12. Be3 Nbd7 13. Nfh5 a5 14. a3 b5 15. Ba2 b4 16. axb4 axb4 17. O-O Bxg3 18. Nxg3 bxc3 19. bxc3 Qa5 20. Bf4 Nd5 21. Bxd5 Qxd5 22. Qe2 Qb3 23. Qd2 Nf6 24. Bxh6 Rxa1 25. Rxa1 gxh6 26. Qxh6 Qxc3 27. Rd1 Qc2 28. Rd2 Qg6 29.
Qf4 Nd5 30. Qd6 Qh6 31. Re2 Qxh4 32. Re5 Ra8 33. Nf1 Bg6 34. Qxc6 Ra1 35. Re2 Qxd4 36.
Qc8+ Kg7 37. Qb8 Rxf1+ 38. Kxf1 Qd1+ 39. Re1 Bd3+ 0-1

[Event "*** Titled Tuesday Blitz"]
[Site "Chess.com"]
[Date "2020.04.14"]
[Round "3"]
[White "saikrishnaReturns"]
[Black "gliglu"]
[Result "1-0"]
[WhiteElo "2611"]
[BlackElo "2382"]
[TimeControl "180+1"]
[EndTime "10:28:26 PDT"]
[Termination "saikrishnaReturns won by resignation"]

1. e4 e6 2. d3 c5 3. Nd2 Nc6 4.
Ngf3 g6 5. g3 Bg7 6. Bg2 Nge7 7.
O-O O-O 8. Re1 e5 9. Nc4 d6 10.
a4 h6 11. c3 Be6 12. Nfd2 Qd7 13. f4 Rad8 14. Qf3 Kh7 15. Ne3 f5 16. exf5 Nxf5 17. Nd5 Bxd5 18. Qxd5 exf4 19. Ne4 fxg3 20. hxg3 Rde8 21. Bf4 Ne5 22. Bxe5 Rxe5 23. Nxc5 Rxd5 24. Nxd7 Rxd3 25. g4 Nh4 26. Nxf8+ Bxf8 27. Bxb7 d5 28. Red1 Bc5+ 29. Kf1 Rf3+ 30. Ke2 Re3+ 31. Kd2 Nf3+ 32. Kc2 Re2+ 33. Kb3 Nd2+ 34. Ka2 Nc4 35. Rab1 Ba3 36.
Bxd5 Nxb2 37. Kxa3 Nxd1 38. Rxd1 h5 39. gxh5 gxh5 40. Bc4 Re3 41. Rd7+ Kg6 42. Rxa7 Rxc3+ 43. Kb4 Rc1 44. a5 h4 45. Ra8 Kf6 46. Rh8 Ke5 47.
Rxh4 Kd6 48. Rh6+ Kc7 49. Kc5 Kb8 50. a6 Rb1 51. Rh7 Rb2 52. a7+ 1-0

[Event "*** Titled Tuesday Blitz"]
[Site "Chess.com"]
[Date "2020.04.14"]
[Round "3"]
[White "AyMitecK"]
[Black "Skatchkov_V"]
[Result "0-1"]
[WhiteElo "2309"]
[BlackElo "2549"]
[TimeControl "180+1"]
[EndTime "10:28:26 PDT"]
[Termination "Skatchkov_V won on time"]

1. e4 e6 2. d4 d5 3. Bd3 dxe4 4. Bxe4 Nf6 5. Bf3 Be7 6. Ne2 O-O 7. Be3 Nd5 8. Qd2 Nxe3 9. Qxe3 c5 10. Nd2 Qb6 11.
O-O Nc6 12. dxc5 Bxc5 13. Qg5 Be7 14. Qh5 Qxb2 15. Rfb1 Qf6 16. Ne4 Qg6 17. Qb5 Rb8 18. Nf4 Qh6 19. Nd3 Nd4 20. Qa5 Nxf3+ 21. gxf3 a6 22. Kf1 Bd7 23. Ne5 Rfd8 24. Rd1 Qh5 25. Qc7 Rbc8 26. Qa5 Bb5+ 27. c4 Rxd1+ 28. Rxd1 Qxe5 29. cxb5 Qxb5+ 30. Qxb5 axb5 31. Rd7 Bf8 32. Rxb7 b4 33. Kg2 Ra8 0-1

[Event "*** Titled Tuesday Blitz"]
[Site "Chess.com"]
[Date "2020.04.14"]
[Round "3"]
[White "DraskovicL"]
[Black "kasparicy"]
[Result "1-0"]
[WhiteElo "2557"]
[BlackElo "2321"]
[TimeControl "180+1"]
[EndTime "10:28:27 PDT"]
[Termination "DraskovicL won by resignation"]

1. c4 e5 2. Nc3 Nc6 3. d3 f5 4. g3 Nf6 5. Bg2 d6 6. Nf3 Be7 7. O-O O-O 8. Rb1 a5 9. a3 Qe8 10. b4 axb4 11. axb4 Bd8 12. Nd2 Qh5 13. b5 Ne7 14. e3 Qh6 15. Bb2 Ng4 16. h3 Nf6 17. f4 g5 18. Ne2 gxf4 19. exf4 Ng6 20. Nf3 exf4 21. Nxf4 Nxf4 22. gxf4 Qxf4 23. Qd2 Qxd2 24. Nxd2 h6 25. Kh1 Kh7 26. Bf3 Ra2 27. Rg1 Rf7 28. Nb3 c6 29. Nd4 cxb5 30. Nxb5 d5 31. cxd5 Ra4 32. Nd6 Rc7 33. Nxc8 Rxc8 34. Be5 Rc2 35.
Rxb7+ Kh8 36. Rb8 Rh4 37. Rxd8+ Kh7 38. Rh8+ Kxh8 39. Bxf6+ Kh7 40. Bxh4 Rc3 41. Bf6 1-0

[Event "*** Titled Tuesday Blitz"]
[Site "Chess.com"]
[Date "2020.04.14"]
[Round "3"]
[White "CaspiIsrael"]
[Black "abubakrtagelsir"]
[Result "1-0"]
[WhiteElo "2539"]
[BlackElo "2286"]
[TimeControl "180+1"]
[EndTime "10:28:27 PDT"]
[Termination "CaspiIsrael won on time"]

1. e4 d6 2. d4 Nf6 3. Nc3 g6 4. Be2 Bg7 5. Nf3 O-O 6. O-O Nc6 7. d5 Nb8 8. Re1 c6 9. a4 Bg4 10. h3 Bxf3 11. Bxf3 Nbd7 12. g3 Qc7 13. Bg2 Rac8 14. dxc6 bxc6 15. Be3 e5 16. Qd3 Rfd8 17. Red1 Nf8 18.
b3 d5 19. Bg5 dxe4 20. Qc4 Rd4 21. Rxd4 exd4 22. Bxf6 Bxf6 23. Nxe4 Qe7 24. Rd1 Ne6 25.
h4 Bg7 26. Bh3 Rd8 27. Qxc6 Nf8 28. Rd3 f5 29. Ng5 h6 30. Qc4+ Kh8 31. Nf7+ Kh7 32.
Nxd8 Qxd8 33. c3 Qe7 34. cxd4 Qe1+ 35. Bf1 Qe4 36. d5 Qe5 37. d6 Nd7 38. h5 gxh5 39.
Qf7 1-0

[Event "*** Titled Tuesday Blitz"]
[Site "Chess.com"]
[Date "2020.04.14"]
[Round "3"]
[White "Zkid"]
[Black "SketchyMoves"]
[Result "0-1"]
[WhiteElo "2821"]
[BlackElo "2649"]
[TimeControl "180+1"]
[EndTime "10:28:28 PDT"]
[Termination "SketchyMoves won by resignation"]

1. e4 c6 2. d4 d5 3. exd5 cxd5 4.
Bd3 Nc6 5. c3 Qc7 6. Ne2 Bg4 7.
O-O e6 8. Qe1 Nf6 9. f3 Bh5 10.
Qh4 Bg6 11. Bxg6 fxg6 12. Nf4 Kf7 13. Re1 e5 14. Nd3 Bd6 15. dxe5 Nxe5 16. Nxe5+ Bxe5 17. Be3 Rhe8 18. Nd2 Re7 19. Bd4 Rae8 20. Bxe5 Rxe5 21. Rxe5 Qxe5 22. Qf2 b6 23. Nb3 Nh5 24. Nd4 Nf4 25.
a4 Kg8 26. Qd2 Qg5 27. Kf1 Qh4 28. Re1 Rxe1+ 29. Qxe1 Qxe1+ 30. Kxe1 Nd3+ 31. Kd2 Nxb2 32. Nc6 Nxa4 33. Nxa7 Kf7 34. Kd3 Ke6 35. Nb5 Nc5+ 36. Ke3 Kd7 37. f4 Ne6 38. g4 Kc6 39. Na3 Kc5 40. f5 gxf5 41. gxf5 Ng5 42. Kf4 Ne4 43. c4 Nf6 44. cxd5 Kxd5 45. Nb5 Kc5 46. Nc7 Nd5+ 47.
Nxd5 Kxd5 48. h4 b5 49. h5 h6 50. f6 gxf6 51. Kf5 b4 52. Kg6 b3 53. Kxh6 b2 54. Kg7 b1=Q 55. h6 Ke6 56. h7 Qxh7+ 0-1

[Event "*** Titled Tuesday Blitz"]
[Site "Chess.com"]
[Date "2020.04.14"]
[Round "3"]
[White "english_player_89"]
[Black "Kiborg95"]
[Result "0-1"]
[WhiteElo "2578"]
[BlackElo "2794"]
[TimeControl "180+1"]
[EndTime "10:28:28 PDT"]
[Termination "Kiborg95 won on time"]

1. e4 d6 2. d4 Nf6 3. Nc3 Nbd7 4.
Nf3 e5 5. Bc4 Be7 6. O-O O-O 7.
a4 c6 8. Re1 h6 9. Ba2 Re8 10.
h3 a5 11. Nh4 exd4 12. Qxd4 Nf8 13. Nf3 Be6 14. Be3 N6d7 15. Qd2 Bxa2 16. Rxa2 Ne6 17. Nd4 Nxd4 18. Bxd4 Bf8 19. Raa1 Qh4 20. Rad1 Re6 21. f3 Rae8 22. Bf2 Qd8 23. Bg3 Ne5 24. Bxe5 Rxe5 25.
f4 R5e6 26. e5 Qb6+ 27. Kh1 dxe5 28. f5 Rd6 29. Qe2 Rxd1 30. Rxd1 Qxb2 31. Ne4 Qb6 32. Rd7 Re7 33. Rd3 f6 34. Qg4 Rf7 35. Qg6 Qb1+ 36.
Kh2 Qxc2 37. Rd7 Be7 38. Nxf6+ Rxf6 39. Qe8+ Bf8 0-1

[Event "*** Titled Tuesday Blitz"]
[Site "Chess.com"]
[Date "2020.04.14"]
[Round "3"]
[White "anon219"]
[Black "Mikhail_Biryukov"]
[Result "0-1"]
[WhiteElo "2817"]
[BlackElo "2602"]
[TimeControl "180+1"]
[EndTime "10:28:28 PDT"]
[Termination "Mikhail_Biryukov won by resignation"]

1. e4 c5 2. Nf3 Nc6 3. Bb5 g6 4.
O-O Bg7 5. Nc3 Nf6 6. e5 Ng4 7. Bxc6 dxc6 8. Re1 O-O 9. d3 Nh6 10. h3 Nf5 11. a4 a5 12. Bf4 Be6 13. Ne4 b6 14. c3 Qd7 15. Qd2 f6 16. exf6 exf6 17. Rad1 Bd5 18. Qc2 Rfe8 19. Bh2 Re6 20. Nfd2 Rd8 21.
Re2 Nh4 22. Rde1 f5 23. Bg3 fxe4 24. dxe4 Nf5 25. exf5 Rxe2 26. Rxe2 Qxf5 27. Qxf5 gxf5 28. Bc7 Rd7 29. Bxb6 Rb7 30. Bxc5 Rxb2 31. Re8+ Kf7 32. Re7+ Kf6 33. Nf3 Bf8 34. Rxh7 Bxc5 35. Nd4 Bxd4 36. cxd4 Rb4 37. Kh2 Rxd4 38. Ra7 Rxa4 39. Kg3 Ra3+ 40. f3 Ra2 41. h4 a4 42. h5 Kg5 43. Rg7+ Kxh5 44. Kf4 Kh6 0-1

[Event "*** Titled Tuesday Blitz"]
[Site "Chess.com"]
[Date "2020.04.14"]
[Round "3"]
[White "Buffy7"]
[Black "ChessFunMaker"]
[Result "1-0"]
[WhiteElo "2645"]
[BlackElo "2401"]
[TimeControl "180+1"]
[EndTime "10:28:28 PDT"]
[Termination "Buffy7 won by checkmate"]

1. d4 Nf6 2. c4 d6 3. Nc3 e5 4.
Nf3 Nbd7 5. e4 g6 6. Be2 Bg7 7. O-O O-O 8. Re1 Re8 9. dxe5 dxe5 10. Be3 c6 11. Qc2 Qe7 12. a3 a5 13. Na4 Ng4 14. Bg5 f6 15. Bd2 Nc5 16. h3 Nxa4 17. Qxa4 Nh6 18.
b4 Nf7 19. bxa5 f5 20. Bd3 Rd8 21. Bc2 f4 22. c5 Qxc5 23. Bb4 Qa7 24. Bb3 c5 25.
Ng5 cxb4 26. Nxf7 Rd2 27. Qe8+ Bf8 28. Nxe5+ Kg7 29. Qf7+ Kh6 30. Qxf8+ Kh5 31. Qxf4 bxa3 32. Qxd2 Qxa5 33. Qf4 b5 34. g4+ Kh4 35. Qh6# 1-0

[Event "*** Titled Tuesday Blitz"]
[Site "Chess.com"]
[Date "2020.04.14"]
[Round "3"]
[White "Nbk90"]
[Black "BabyFacedAssasin"]
[Result "1/2-1/2"]
[WhiteElo "2526"]
[BlackElo "2276"]
[TimeControl "180+1"]
[EndTime "10:28:28 PDT"]
[Termination "Game drawn by repetition"]

1. e4 e6 2. d4 d5 3. e5 c5 4. c3 Nc6 5. Nf3 Bd7 6. Be2 f6 7. O-O fxe5 8. dxe5 Qc7 9. c4 d4 10. Re1 O-O-O 11. Bd3 Nge7 12. a3 Ng6 13. Bxg6 hxg6 14. Nbd2 Rh5 15. Nf1 Nxe5 16. Rxe5 Rxe5 17. Bf4 Bd6 18.
Bxe5 Bxe5 19. Qd3 Bf6 20. Ng3 Bc6 21. Re1 e5 22. Ne4 b6 23. b4 cxb4 24. axb4 Bb7 25. c5 Kb8 26. Nd6 Rxd6 27. cxd6 Qxd6 28. Qxg6 e4 29. Qe8+ Bd8 30. Ng5 Bc6 31. Nxe4 Bxe4 32. Qxe4 Qxb4 33. Qe5+ Bc7 34. Qe8+ Kb7 35. Qe4+ Kb8 36.
Rd1 Qb3 37. Qxd4 a5 38. g3 a4 39. Rd3 Qb1+ 40. Rd1 Qb3 41. Rd3 Qb1+ 42. Rd1 Qb3 1/2-1/2